 BcadrenCrawl: Boulder Brew version 0.03.2.1-45-gd2cabe8c86 (webtiles) character file.

Game seed: 3345715075705088352, levelgen mode: deterministic

128476 esc the Black Belt (level 16, -2/143 HPs) White Draconian Demonspawn. Began on Jan 29, 2021. Slain by a spriggan defender ... wielding a cursed +2 flail of crushing {(Curse: *Drain)} ... led by the Enchantress (23 damage) ... on level 1 of the Depths. The game lasted 00:49:42 (13570 turns).

esc the Black Belt (White Draconian Demonspawn)    Turns: 13570, Time: 00:49:43

Health: -2/143     AC: 23    Str: 16    XL:     16 ^: 32092
Magic:  18/18      EV: 31    Int: 12    God:
Gold:   6847       SH:  0    Dex: 29    Spells: 16/17 levels left

rFire    + + .     Vision   .     - Unarmed
rCold    + + .     Gourm    .     - Unarmed
rNeg     . . .     Faith    .   (armour unavailable)
rPois    .         Spirit   .   M - +2 hat {rF+}
rElec    .         Reflect  .   A - scarf {rC+ rF+}
rCorr    .         Harm     .   (gloves unavailable)
MR       .....     NoTele   +   (no boots)
Stlth    ++++......             R - amulet of the acrobat
HPRegen  0.57/turn              g - ring of dexterity
MPRegen  0.28/turn              r - ring of protection

@: agile, vulnerable, cannot translocate, hasted and slowed
A: no body armour, unfitting armour, claws 3, iridescent scales 3, powered by
death 1, spiny 2, cold-blooded, boosted short blades aptitude, strongly boosted
axes & hammers aptitude, boosted dodging aptitude, ice enhancer 2, rC+, AC +10
a: Breathe Frost


You were on level 1 of the Depths.
You were not hungry.

You visited 4 branches of the dungeon, and saw 16 of its levels.

You collected 6847 gold pieces.

Inventory:

Armour
 x - a +0 cloak
 A - a scarf of resistance (worn)
 M - a +2 hat of fire resistance (worn)
Jewellery
 a - a cursed ring of wizardry {(Curse: -Vis)}
 g - a ring of dexterity (left claw)
 j - a cursed ring of evasion {(Curse: *Drain)}
 m - a cursed ring of positive energy {(Curse: *Slow rF-)}
 n - a cursed ring of protection from magic {(Curse: *Drain rF-)}
 r - a ring of protection (right claw)
 s - a cursed ring of magical power {(Curse: *Drain)}
 t - an uncursed ring of resist corrosion
 y - a cursed ring of protection from magic {(Curse: Int-2)}
 H - an uncursed ring of ice
 J - a cursed amulet of the gourmand {(Curse: Str-2)}
 N - an uncursed ring of fire
 R - an amulet of the acrobat (around neck)
 S - an uncursed ring of stealth
 V - an uncursed ring of poison resistance
 X - an uncursed ring of stealth
 Z - a cursed ring of positive energy {(Curse: *Corrode *Slow)}
Wands
 v - a wand of acid (9)
 w - a wand of hasting (11)
 D - a wand of flame (8)
 E - a wand of polymorph (15)
 F - a wand of enslavement (6)
 L - a wand of scattershot (10)
 Q - a wand of random effects (19)
 U - a wand of iceblast (27)
 W - a wand of ensnaring (6)
Scrolls
 d - 6 scrolls of teleportation
 h - 5 scrolls of fog
 i - 5 scrolls of vulnerability
 k - 6 scrolls of magic mapping
 p - 10 scrolls of amnesia
 u - 3 scrolls of enchantment
 C - 2 scrolls of bless item
 T - a scroll of fear
Potions
 c - 3 potions of berserk rage
 e - 5 potions of heal wounds
 f - 6 potions of haste
 l - 6 potions of brilliance
 q - 3 potions of agility
 z - 11 potions of curing
 B - a potion of invisibility
 G - 3 potions of might
 I - a potion of ambrosia
 K - a potion of cancellation
 O - a potion of resistance
 Y - a potion of mutation
Comestibles
 b - 34 rations
 P - 6 chunks of flesh


   Skills:
 - Level 13.1 Fighting
 - Level 12.5 Dodging
 - Level 1.3 Stealth
 + Level 19.5 Unarmed Combat
 - Level 1.3 Spellcasting
 - Level 1.5 Fire Magic
   Level 3.0 Invocations


You had 16 spell levels left.
You knew the following spells:

 Your Spells              Type           Power        Failure   Level  Hunger
a - Flame Tongue          Fire           4 (30)       16%         1    ##.....

Your spell library contained the following spells:

 Spells                   Type           Power        Failure   Level  Hunger
 Foxfire                  Fire           4 (25)       16%         1    ##.....
 Searing Ray              Fire           4 (50)       24%         2    ###....
 Confusing Touch          Hex            0 (50)       28%         1    ##.....
 Blink                    Tloc           N/A          41%         2    ###....
 Call Imp                 Summ           0 (100)      41%         2    ###....
 Slow                     Hex            0 (100)      41%         2    ###....
 Sublimation of Blood     Necr           0 (200)      41%         2    ###....
 Conjure Flame            Fire           4 (100)      43%         3    ####...
 Ignite Poison            Fire/Tmut      2 (100)      54%         3    ####...
 Inner Flame              Hex/Fire       2 (100)      54%         3    ####...
 Confuse                  Hex            0 (100)      65%         3    ####...
 Gell's Gravitas          Tloc           0 (200)      65%         3    ####...
 Mephitic Cloud           Pois/Air       0 (100)      65%         3    ####...
 Sticky Flame             Fire/Pois      2 (100)      91%         4    #####..
 Cause Fear               Hex            0 (200)      96%         4    #####..
 Petrify                  Tmut/Erth      0 (100)      96%         4    #####..
 Bolt of Magma            Fire/Erth      2 (200)      99%         5    ######.
 Fireball                 Fire           4 (200)      99%         5    ######.
 Irradiate                Tmut/Pois      0 (200)      100%        5    ######.
 Iskenderun's Battlesphe  Chrm/Erth      0 (100)      100%        5    ######.
 Silence                  Hex/Air        0 (200)      100%        5    ######.
 Yara's Violent Unravell  Hex/Tmut       0 (200)      100%        5    ######.
 Deflect Missiles         Chrm/Air       0 (200)      100%        6    #######
 Eringya's Noxious Bog    Tmut/Pois      0 (200)      100%        6    #######
 Iron Shot                Erth           0 (200)      100%        6    #######
 Poison Arrow             Pois           0 (200)      100%        6    #######
 Iskenderun's Icy Sphere  Ice            1 (200)      100%        7    #######
 Spellforged Servitor     Summ           0 (200)      100%        7    #######
 Chain Lightning          Air            0 (200)      100%        8    #######
 Discord                  Hex            0 (200)      100%        8    #######
 Lehudib's Crystal Spear  Erth           0 (200)      100%        8    #######
 Fire Storm               Fire           4 (200)      100%        9    #######
 Glaciate                 Ice            1 (200)      100%        9    #######


Dungeon Overview and Level Annotations

Branches:
Dungeon (8/8)              Temple (1/1) D:4            Lair (6/6) D:5
 Shoals (0/4) Lair:4       Spider (0/4) Lair:4        Slime (0/5) Lair:5
    Orc (0/2) D:6          Vaults (0/5) D:7          Depths (1/5) D:8

Altars:
Ashenzari
Dithmenos
Elyvilon
Kikubaaqudgha
Makhleb
Nemelex Xobeh
Okawaru
Qazlal
Ru
Sif Muna
Trog
Uskayaw
Vehumet
Wu Jian
Yredelemnul
Zin
The Shining One
Jiyva

Portals:
Abyss: Depths:1
Pandemonium: Depths:1

Annotations:
Lair:3 exclusion: 4 oklob plants
Depths:1 Asterion, the Enchantress


Innate Abilities, Weirdness & Mutations

You cannot fit into any form of body armour.
Your icy white scales are hard. (AC +10)
You can breathe puffs of frost.
You have claws for hands. (+6 Unarmed)
You are completely covered in iridescent scales. (AC +6)
You regenerate a little health from kills.
You are mostly covered in sharp spines.
You are cold-blooded and may be slowed by cold attacks.
You are naturally skilled at Short Blades (Aptitude +3).
You are naturally adept at Axes & Hammers (Aptitude +5).
You are naturally skilled at Dodging (Aptitude +3).
You are strongly in touch with the powers of ice.
Your icy white scales grant you resistance to cold and ice. (rC+)


Message History

You hear some strange, mumbled words.
You are confused.
The frost giant casts a spell at you. The bolt of cold misses you.
You hear some strange, mumbled words.
You resist with almost no effort.
You feel agile all of a sudden.
The spriggan defender is struck by your spines (7)!
The spriggan defender hits you with a cursed +2 flail of crushing {(Curse: *Drain)} (14)!
* * * LOW HITPOINT WARNING * * *
x2 The death yak rages.
You're too confused!
You feel better.
The tengu reaver hits you with a cursed +3 great sword of chaos {(Curse: Fragile)} (8)!
* * * LOW HITPOINT WARNING * * *
The tengu reaver is struck by your spines (3).
The tengu reaver pecks you but does no damage.
The tengu reaver completely misses you (0).
The spriggan defender hits you with a cursed +2 flail of crushing {(Curse: *Drain)} (23)!!
You die...

#.....#^.........
#.....#..........
#.....#..........
#.....'..>†......
#.....###'####### .
############.....#......)#
#................#.......+..
#.........########.......#..
#.........#@.){..##'##...#..
####+#.....#Qii{.##...##..# .
..#....#..?..#*Y...#.###.####..
.............#Y....#.#|#.# ...
.#######'#...#...C.#.#)#.#....
#....∩#.#...#.....##.÷.##....
#'#####.#...'†...J######....#
+#.#)'.'.#.#...#.....i..J......#
.#.###.###.#...#.....#C..J.....#


You could see a frost giant, a tengu reaver, a death yak (berserk), an elephant
(berserk), 2 spriggan defenders, a very large slime creature, a spriggan
berserker and a battlesphere.

Vanquished Creatures
  Sojobo (Depths:1)
  Gastronok (Lair:3)
  2 tengu reavers (Depths:1)
  Louise (Depths:1)
  A frost giant (D:8)
  A vampire knight (Depths:1)
  2 eidola (Lair:3)
  4 chaos butterflies
  Harold (Lair:1)
  A fire dragon (D:8)
  Josephine (D:7)
  An ice dragon (Depths:1)
  A rakshasa (D:8)
  A death knight (D:7)
  3 deep troll shamans
  3 boulder beetles (Lair:6)
  2 catoblepae
  2 vampire magi (Depths:1)
  An ettin (Depths:1)
  A stone giant (Depths:1)
  A deep elf knight (D:8)
  A dire elephant (Lair:3)
  2 swooping magpies
  2 spriggan berserkers (Depths:1)
  4 vault guards (D:7)
  4 unseen horrors
  2 two-headed ogres
  Sonja (D:8)
  2 tengu warriors (Depths:1)
  2 lindwurms
  8 hydras
  A glowing orange brain (D:8)
  A flayed ghost (Depths:1)
  A harpy (shapeshifter) (D:8)
  A skeletal warrior (D:7)
  4 centaur warriors
  3 deep trolls (Depths:1)
  A torturous demonspawn (Depths:1)
  An orb spider (Lair:4)
  A rock worm (D:7)
  3 deep elf magi
  15 death yaks
  A torpor snail (Lair:6)
  A guardian serpent (shapeshifter) (D:8)
  An oklob plant (Lair:3)
  A rust devil (Depths:1)
  2 manticores
  15 giraffes
  A spectral boulder beetle (Lair:3)
  A hellion (Depths:1)
  6 black mambas
  25 spiny frogs
  A gargoyle (D:8)
  7 ugly things
  20 elephants
  3 rime drakes
  5 trolls (D:7)
  A freezing wraith (D:8)
  A yaktaur (Depths:1)
  A wolf spider (D:8)
  2 orange demons (Depths:1)
  A rime drake (shapeshifter) (D:8)
  8 komodo dragons
  3 tengu conjurers
  A spectral death yak (Lair:3)
  2 spectral hydras (Lair:3)
  3 spectral catoblepas (Lair:3)
  A spectral giraffe (Lair:3)
  A polar bear (Lair:5)
  A hornet (D:5)
  A raiju (shapeshifter) (D:8)
  27 blink frogs
  17 dream sheep
  A steam dragon (Lair:3)
  6 wraiths (D:7)
  A cyclops (D:8)
  A spriggan (shapeshifter) (D:8)
  A spriggan (Depths:1)
  6 hippogriffs
  7 humans (D:7)
  3 basilisks
  32 yaks
  4 wyverns
  2 acid dragons
  A hungry ghost (D:7)
  5 slime creatures
  A vampire mosquito (D:8)
  4 guardian mummies
  A phantom (Lair:3)
  2 spectral chaos butterflies (Lair:3)
  20 water moccasins
  3 orc warriors
  A hydra simulacrum (Lair:3)
  2 spectral dream sheep (Lair:3)
  25 porcupines
  5 scorpions
  An eye of draining (shapeshifter) (Depths:1)
  2 spectral swooping magpies (Lair:3)
  4 ice beasts
  7 sky beasts
  6 ogres
  4 spectral komodo dragons (Lair:3)
  4 black bears
  A spectral black mamba (Lair:3)
  20 wolves
  A lindwurm skeleton (Lair:3)
  An elephant skeleton (Lair:3)
  2 spectral spiny frogs (Lair:3)
  A spectral yak (Lair:3)
  24 crocodiles
  6 big kobolds
  14 bullfrogs
  2 centaurs (D:6)
  A spectral blink frog (Lair:3)
  A swooping magpie simulacrum (Lair:3)
  A harpy skeleton (D:7)
  6 howler monkeys
  A spectral rime drake (Lair:3)
  A polar bear simulacrum (Lair:3)
  A quasit (D:7)
  A wight (D:6)
  A harpy simulacrum (D:7)
  6 electric eels
  5 hounds
  4 jellies
  A spectral crocodile (Lair:3)
  A spectral water moccasin (Lair:3)
  5 orc priests
  9 orc wizards
  A rime drake simulacrum (Lair:3)
  A blink frog simulacrum (Lair:3)
  4 iguanas
  11 hell rats
  6 worker ants
  A wyvern zombie (D:6)
  A water moccasin skeleton (Lair:3)
  3 wyvern skeletons
  A wyvern simulacrum (Lair:3)
  A crocodile simulacrum (Lair:3)
  7 giant cockroaches
  5 bullfrog zombies
  2 bullfrog skeletons (D:6)
  17 adders
  3 gnolls (D:4)
  10 sewer rats (D:2)
  4 worms
  10 cinder newts
  A giant cockroach zombie (D:3)
  A howler monkey zombie (D:5)
  3 hound zombies (D:5)
  An ooze (D:1)
  2 worker ant zombies
  A hound skeleton (D:4)
  3 dart slugs
  8 leopard geckos
  23 orcs
  2 adder skeletons
  7 ball pythons (D:2)
  3 bats (D:1)
  4 goblins (D:1)
  6 hobgoblins (D:1)
  4 jackals (D:3)
  32 kobolds
  4 quokkas
  2 bat skeletons (D:2)
  A goblin skeleton (D:2)
  A jackal skeleton (D:2)
  A leopard gecko skeleton (D:3)
  A leopard gecko zombie (D:3)
  A quokka skeleton (Lair:3)
  A quokka zombie (D:3)
  7 rats (D:1)
  A fungus (Lair:3)
  A plant (Lair:5)
  2 withered plants (D:2)
744 creatures vanquished.

Vanquished Creatures (collateral kills)
  2 yaks (Lair:2)
2 creatures vanquished.

Vanquished Creatures (others)
  A human (D:7)
  A yak (Lair:2)
  17 bushes (Lair:6)
  28 fungi
  30 plants
  80 withered plants (D:2)
157 creatures vanquished.

Grand Total: 903 creatures vanquished

Notes
Turn   | Place    | Note
-------+----------+-------------------------------------------
     0 | D:1      | esc the Immature Draconian Demonspawn began the quest for
                  | the Orb.
     0 | D:1      | Reached XP level 1. HP: 16/16 MP: 3/3
    25 | D:1      | Reached skill level 2 in Unarmed Combat
    27 | D:1      | Gained mutation: You have sharp fingernails. (+2 Unarmed)
                  | [demonic ancestry]
    27 | D:1      | Reached XP level 2. HP: 23/23 MP: 4/4
    38 | D:1      | Reached skill level 3 in Unarmed Combat
    38 | D:1      | Reached XP level 3. HP: 28/28 MP: 5/5
   183 | D:1      | Found a sparkling altar of Nemelex Xobeh.
   292 | D:1      | Gained mutation: You regenerate a little health from kills.
                  | [demonic ancestry]
   292 | D:1      | Reached XP level 4. HP: 35/35 MP: 6/6
   598 | D:1      | Reached skill level 4 in Unarmed Combat
   840 | D:2      | Noticed a big kobold
   846 | D:2      | Killed a big kobold
   846 | D:2      | Gained mutation: You have very sharp fingernails. (+4
                  | Unarmed) [demonic ancestry]
   846 | D:2      | Reached XP level 5. HP: 30/40 MP: 7/7
   877 | D:2      | Noticed a water moccasin
   881 | D:2      | Killed a water moccasin
   881 | D:2      | Reached skill level 5 in Unarmed Combat
   881 | D:2      | Gained mutation: You are partially covered in sharp spines.
                  | [demonic ancestry]
   881 | D:2      | Reached XP level 6. HP: 44/47 MP: 8/8
  1091 | D:2      | Reached skill level 6 in Unarmed Combat
  1237 | D:2      | Found a faded altar of an unknown god.
  1239 | D:2      | Your scales start taking on an icy white colour.
  1239 | D:2      | Reached XP level 7. HP: 52/52 MP: 9/9
  1239 | D:2      | Gained mutation: You are partially covered in iridescent
                  | scales. (AC +2) [demonic ancestry]
  1239 | D:2      | Gained mutation: Your icy white scales grant you resistance
                  | to cold and ice. (rC+) [White Draconian growth]
  1239 | D:2      | Gained mutation: You are strongly in touch with the powers
                  | of ice. [White Draconian growth]
  1385 | D:2      | Reached skill level 7 in Unarmed Combat
  2007 | D:2      | Found a shadowy altar of Dithmenos.
  2268 | D:2      | Reached XP level 8. HP: 26/62 MP: 10/10
  2865 | D:4      | Reached skill level 8 in Unarmed Combat
  2878 | D:4      | Found a staircase to the Ecumenical Temple.
  2892 | Temple   | Entered the Ecumenical Temple
  3115 | D:4      | Reached skill level 5 in Fighting
  3170 | D:4      | Reached XP level 9. HP: 74/74 MP: 11/11
  3458 | D:4      | Reached skill level 5 in Dodging
  3734 | D:5      | Entered Level 5 of the Dungeon
  3737 | D:5      | Reached skill level 9 in Unarmed Combat
  3739 | D:5      | Noticed a two-headed ogre
  3791 | D:3      | Found an iron altar of Okawaru.
  3791 | D:3      | Found a white marble altar of Elyvilon.
  3853 | D:5      | Identified the +6 short sword "Lykh" {holy, +Blink Dex+5}
  3963 | D:5      | Gained mutation: You are naturally skilled at Short Blades
                  | (Aptitude +3). [draconic bloodline]
  3963 | D:5      | Gained mutation: You are mostly covered in iridescent
                  | scales. (AC +4) [demonic ancestry]
  3963 | D:5      | Reached XP level 10. HP: 86/86 MP: 12/12
  4126 | D:5      | Found a shimmering blue altar of Sif Muna.
  4151 | D:5      | Killed an unseen horror
  4184 | D:5      | Noticed a two-headed ogre
  4202 | D:5      | Killed a two-headed ogre
  4202 | D:5      | Reached skill level 10 in Unarmed Combat
  4241 | D:5      | Found a staircase to the Lair.
  4610 | Lair:1   | Entered Level 1 of the Lair of Beasts
  4651 | Lair:1   | Reached XP level 11. HP: 91/97 MP: 13/13
  4822 | Lair:1   | Reached skill level 10 in Fighting
  5041 | Lair:1   | Noticed Harold
  5056 | Lair:1   | Killed Harold
  5241 | Lair:1   | Reached skill level 11 in Unarmed Combat
  5532 | Lair:2   | Noticed a six-headed hydra
  5638 | Lair:2   | Gained mutation: You are naturally skilled at Dodging
                  | (Aptitude +3). [draconic bloodline]
  5638 | Lair:2   | Reached skill level 10 in Dodging
  5638 | Lair:2   | Gained mutation: You are mostly covered in sharp spines.
                  | [demonic ancestry]
  5638 | Lair:2   | Reached XP level 12. HP: 100/110 MP: 14/14
  6434 | Lair:3   | Noticed an eidolon
  6445 | Lair:3   | Killed an eidolon
  6517 | Lair:3   | Noticed a chaos butterfly
  6549 | Lair:3   | Killed a chaos butterfly
  6551 | Lair:3   | Reached skill level 12 in Unarmed Combat
  7013 | Lair:3   | Identified the cursed +2 leather armour of Nokaet {rF-
                  | Dex+4 +Vis, (Curse: MR-)}
  7018 | Lair:3   | Gained mutation: You have claws for hands. (+6 Unarmed)
                  | [demonic ancestry]
  7018 | Lair:3   | Gained mutation: You are strongly in touch with the powers
                  | of ice. [White Draconian growth]
  7018 | Lair:3   | Reached XP level 13. HP: 119/119 MP: 15/15
  7372 | Lair:3   | Noticed Gastronok
  7381 | Lair:3   | Killed Gastronok
  7494 | Lair:3   | Noticed an eidolon
  7499 | Lair:3   | Killed an eidolon
  8151 | Lair:4   | Reached skill level 13 in Unarmed Combat
  8184 | Lair:4   | Found a staircase to the Shoals.
  8423 | Lair:4   | Reached skill level 14 in Unarmed Combat
  8454 | Lair:4   | Found the +0 mask of the Dragon {MR+ Slay+3 +Vis}
  8815 | Lair:4   | Found a hole to the Spider Nest.
  9010 | Lair:5   | Gained mutation: You are naturally skilled at Axes &
                  | Hammers (Aptitude +3). [draconic bloodline]
  9010 | Lair:5   | Gained mutation: You are completely covered in iridescent
                  | scales. (AC +6) [demonic ancestry]
  9010 | Lair:5   | Reached XP level 14. HP: 126/129 MP: 16/16
  9224 | Lair:5   | Reached skill level 15 in Unarmed Combat
  9365 | Lair:5   | Found a viscous altar of Jiyva.
  9365 | Lair:5   | Found a staircase to the Slime Pits.
  9893 | Lair:6   | Entered Level 6 of the Lair of Beasts
  9935 | Lair:6   | Reached skill level 16 in Unarmed Combat
 10208 | Lair:6   | Gained mutation: You are naturally adept at Axes & Hammers
                  | (Aptitude +5). [draconic bloodline]
 10208 | Lair:6   | Reached XP level 15. HP: 121/135 MP: 17/17
 10710 | Lair:6   | Reached skill level 17 in Unarmed Combat
 10741 | Lair:6   | Identified the cursed +9 long sword of Dishonour {slice,
                  | +Blink rElec, (Curse: *Contam)}
 10993 | D:6      | Identified the cursed +5 trident "Ciclixt" {elec, Dex+3,
                  | (Curse: *Rage)}
 11192 | D:6      | Found a shattered altar of Ashenzari.
 11274 | D:6      | Found a glowing silver altar of Zin.
 11382 | D:6      | Found a staircase to the Orcish Mines.
 11624 | D:7      | Noticed Josephine
 11645 | D:7      | Killed Josephine
 11674 | D:7      | Identified a scroll of acquirement
 11768 | D:7      | Found a basalt altar of Yredelemnul.
 11856 | D:7      | Identified the cursed ring "Hicuimap" {Ice Dex+4 +Vis,
                  | (Curse: Fragile)}
 11865 | D:7      | Reached skill level 18 in Unarmed Combat
 11935 | D:7      | Found a stormy altar of Qazlal.
 12117 | D:7      | Found a gate to the Vaults.
 12204 | D:8      | Entered Level 8 of the Dungeon
 12421 | D:8      | Identified the +0 ring mail "Baeg Yss" {Dex+4}
 12434 | D:8      | Noticed Sonja
 12448 | D:8      | Killed Sonja
 12874 | D:8      | Found a staircase to the Depths.
 12967 | Depths:1 | Entered Level 1 of the Depths
 12967 | Depths:1 | Found a one-way gate to the infinite horrors of the Abyss.
 12967 | Depths:1 | Noticed Louise
 12973 | Depths:1 | Killed Louise
 12977 | Depths:1 | Reached XP level 16. HP: 143/143 MP: 18/18
 13206 | Depths:1 | Reached skill level 19 in Unarmed Combat
 13247 | Depths:1 | Identified the cursed antimagic +5 targe "Giantslayer"
                  | {antimagic, -Vis Str+4 Dex+4, (Curse: Fragile rC-)}
 13247 | Depths:1 | Noticed Asterion
 13486 | Depths:1 | Found a one-way gate leading to the halls of Pandemonium.
 13528 | Depths:1 | Noticed the Enchantress
 13528 | Depths:1 | Noticed Sojobo
 13547 | Depths:1 | Killed Sojobo
 13570 | Depths:1 | Slain by a spriggan defender

Levels and vault maps discovered:
D:1:      erik_arrival_triangle_small, layout_basic, first_ration,
          nemelex_xobeh_ov_fountains_minmay
D:2:      layout_sewer, grunt_dithmenos_smoke,
          chequers_ecumenical_altar_simple_redux
D:3:      cheibrodos_barr_body, layout_cave_pools,
          nicolae_overflow_hidden_temple, enter_ossuary_1
D:4:      layout_roguey, minmay_temple_entry_overgrown,
          bcadren_nooodl_food_pyramid
D:5:      layout_cross, kennysheep_little_box, grunt_lair_entry_orc_guard_hut
D:6:      layout_small_grid, ashenzari_altar_1, lemuel_round_altar, orc_0_dummy
D:7:      layout_cave_pools, kennysheep_mini_moat, ximxim_vaults_locker_room,
          hangedman_decor_peaks_small, yredelemnul_altar_generic, uniq_josephine
D:8:      gammafunk_enter_depths_forms, layout_gridville, uniq_sonja
Temple:   nicolae_temple_figure_zero
Lair:1:   layout_long_grid, minmay_shattered_shrine,
          infiniplex_staircase_pool_2, grunt_megastairs_2, uniq_harold
Lair:2:   layout_chaotic_city, grunt_megastairs_4, lemuel_fruit_tree
Lair:3:   layout_small_grid, ossuary_bcadren_kennysheep_ruined_city_of_the_dead,
          grunt_megastairs_3, serial_bayou_shore_a, minmay_lair_oklob_chamber,
          uniq_gastronok
Lair:4:   layout_gridlike, minmay_shoals_entry_beasts,
          nicolae_spider_entry_orb_guardian
Lair:5:   layout_gridlike, slime_island, beast_lair_carwin_11
Lair:6:   grunt_lair_end_beastmaster, layout_hall_layers, minmay_hedge_maze
Depths:1: layout_gridville, nrook_mini_vaults, rand_demon_pan_entry_4,
          hell_entry, nicolae_abyss_entry_one_way_or_another, nicolae_sextant,
          kennysheep_just_a_vault, uniq_enchantress, uniq_sojobo, uniq_asterion

Skill      XL: |  1  2  3  4  5  6  7  8  9 10 11 12 13 14 15 16 |
---------------+-------------------------------------------------+-----
Unarmed Combat | 2 3 4 5 6 7 8 9 10 11 12 14 16 18 19 | 19.5
Fighting       | 2 5 7 9 11 12 13 | 13.1
Dodging        | 3 4 5 7 10 12 | 12.5
Stealth        | |  1.3
Spellcasting   | |  1.3
Fire Magic     | |  1.5
Invocations    | |  3.0

Action                   |  1- 3 |  4- 6 |  7- 9 | 10-12 | 13-15 | 16-18 || total
-------------------------+-------+-------+-------+-------+-------+-------++-------
Melee: Unarmed           |    60 |   111 |   298 |   506 |   937 |   153 ||  2065
       Tailslap          |       |     3 |    15 |    45 |    79 |    18 ||   160
Throw: Skull             |       |       |     1 |     4 |       |       ||     5
       Stone             |       |       |       |     5 |       |       ||     5
       Bone              |       |       |       |     2 |       |       ||     2
       Rusty metal       |       |       |       |     1 |       |       ||     1
 Abil: Breathe Frost     |       |       |       |    11 |     2 |       ||    13
Evoke: Wand              |       |       |       |    10 |     8 |     2 ||    20
  Use: Potion            |       |       |     2 |       |       |     4 ||     6
       Scroll            |       |       |       |     1 |     3 |     2 ||     6
 Stab: Sleeping          |     3 |     5 |     4 |     2 |    15 |       ||    29
       Distracted        |       |     1 |       |     2 |     1 |       ||     4
  Eat: Chunk             |       |     1 |     6 |     9 |    14 |     2 ||    32
       Ration            |       |       |     1 |     1 |     2 |       ||     4
Armor: Skin              |     9 |     5 |    33 |    86 |   162 |    27 ||   322
Dodge: Dodged            |    14 |    22 |    50 |    99 |   360 |    38 ||   583
